 Dungeon Crawl Stone Soup version 0.30-a0-722-g3e6e8c874d (webtiles) character file.

Game seed: 17748747035075674633

10 Laraso the Ducker (level 2, -1/23 HPs)
             Began as a Djinni Gladiator on Jan 28, 2023.
             Slain by a frilled lizard (3 damage)
             ... on level 1 of the Dungeon.
             The game lasted 00:00:43 (355 turns).

Laraso the Ducker (Djinni Gladiator)                 Turns: 355, Time: 00:00:43

Health: -1/23      AC:  0    Str: 13    XL:     2   Next: 30%
Gold:   65         EV: 13    Int:  9    God:
                   SH:  0    Dex: 14

rFire   + + .      SeeInvis .    (no weapon)
rCold   x . .      Faith    .    (no shield)
rNeg    . . .      Spirit   .    (no body armour)
rPois   ∞          Reflect  .    (no helmet)
rElec   .          Harm     .    (no cloak)
rCorr   .          Rampage  .    (no gloves)
Will    .....                    (boots unavailable)
Stlth   +                        (no amulet)
HPRegen 0.23/turn                (no ring)
MPRegen 0.00/turn                (no ring)

@: flying
A: sickness immunity, fire resistance 2, cold vulnerability 1, float, innate
caster, HP casting, extra vitality 1
a: no special abilities


You were on level 1 of the Dungeon.
You visited 1 branch of the dungeon, and saw 1 of its levels.

You collected 65 gold pieces.

Inventory:

Missiles
 d - 3 throwing nets (quivered)
 e - a javelin
Armour
 b - a +0 leather armour
 c - a +0 helmet
 f - a +0 pair of gloves
Scrolls
 g - a scroll of vulnerability {unknown}
 h - a scroll of teleportation {unknown}
 i - a scroll of enchant armour {unknown}


   Skills:
 - Level 2.1 Fighting
 * Level 3.1 Long Blades
 - Level 1.6 Throwing
 - Level 3.3 Dodging


You had one spell level left.
You didn't know any spells.
Your spell library was empty.

Dungeon Overview and Level Annotations

Branches:
Dungeon (1/15)

Altars:


Innate Abilities, Weirdness & Mutations

You are immune to sickness and miasma.
You are immune to poison.
Your flesh is very heat resistant. (rF++)
You are vulnerable to cold. (rC-)
You float through the air rather than walking.
You learn spells naturally, not from books.
Your magical power is your life essence.
You have superior vitality. (+4 MHP)


Message History

You continue taking off your +0 pair of gloves.
The frilled lizard barely misses you.
You continue taking off your +0 pair of gloves.
The frilled lizard barely misses you.
You continue taking off your +0 pair of gloves.
The frilled lizard bites you.
You finish taking off your +0 pair of gloves.
The frilled lizard closely misses you.
You start removing your armour.
You continue taking off your +0 leather armour.
The frilled lizard bites you.
Keep disrobing?
You continue taking off your +0 leather armour.
The frilled lizard barely misses you.
You continue taking off your +0 leather armour.
The frilled lizard misses you.
You continue taking off your +0 leather armour.
The frilled lizard barely misses you.
You finish taking off your +0 leather armour.
The frilled lizard barely misses you. The frilled lizard bites you.
The frilled lizard closely misses you. The frilled lizard barely misses you.
The frilled lizard bites you. The frilled lizard bites you.
The frilled lizard bites you. The frilled lizard bites you.
The frilled lizard closely misses you. The frilled lizard barely misses you.
The frilled lizard closely misses you. The frilled lizard misses you.
The frilled lizard bites you. The frilled lizard bites you.
The frilled lizard bites you. The frilled lizard bites you.
* * * LOW HITPOINT WARNING * * *
The frilled lizard bites you.
* * * LOW HITPOINT WARNING * * *
The frilled lizard bites you.
You die...

##+##### ###..######
.......## #.## ........#
#.# ####### ........##
##.# ......# .........#
#..# ....(.# .......#.#
#.## ......# .......#.#
##.# ......#
.......#.###..###l....$#
.......#...#....@......#
.......+....>####......#
.......#........+....?.+
.......#......###......#
####+###......###......#
#........######..
#........# . #........#
#...†....#


You could see a frilled lizard.

Vanquished Creatures
  A dart slug (D:1)
  A bat (D:1)
  A hobgoblin (D:1)
  A kobold (D:1)
  A ball python (D:1)
  A frilled lizard (D:1)
  A goblin (D:1)
  2 rats (D:1)
9 creatures vanquished.

Notes
Turn   | Place    | Note
-------+----------+-------------------------------------------
     0 | D:1      | Laraso the Djinni Gladiator began the quest for the Orb.
     0 | D:1      | Reached XP level 1. HP: 18/18 MP: 0/0
   180 | D:1      | Reached XP level 2. HP: 22/23 MP: 0/0
   355 | D:1      | Slain by a frilled lizard

Illustrated notes

Levels and vault maps discovered:
D:1:      psy_arrival_terrarium, layout_basic, eino_curves_01,
          minmay_pentomino_x2

Skill      XL: |  1 |
---------------+----+-----
Long Blades    | 3 |  3.1
Fighting       | |  2.1
Throwing       | |  1.6
Dodging        | |  3.3

Action                     || total
---------------------------++-------
  Melee: Long sword        ||    26
 Armour: Leather armour    ||    11
  Dodge: Dodged            ||    32

Table legend: (Time is in decaauts)
 A = Elapsed time spent in this place.
 B = Non-inter-level travel time spent in this place.
 C = Inter-level travel time spent in this place.
 D = Time resting spent in this place.
 E = Time spent auto-exploring this place.
 F = Levels seen in this place.
 G = Mean time per level.
                   A        B        C        D        E       F      G
               +--------+--------+--------+--------+--------+-----+--------+
         Total |    361 |    361 |      0 |      0 |    254 |   1 |  361.0 |
       Dungeon |    361 |    361 |      0 |      0 |    254 |   1 |  361.0 |
               +--------+--------+--------+--------+--------+-----+--------+

Top non-repeatable levels by time:
     D:1: 361 daAuts
